 Dungeon Crawl Stone Soup version 0.30.0-10-gfe55d96785 (webtiles) character file.

Game seed: 9823875680565354474

7566 qw the Cleaver (level 11, -5/71 HPs)
             Began as a Gargoyle Cinder Acolyte on May 17, 2023.
             Was a Believer of Ignis.
             Slain by a cane toad (9 damage)
             ... on level 1 of the Lair of Beasts.
             The game lasted 00:03:57 (8405 turns).

qw the Cleaver (Gargoyle Cinder Acolyte)            Turns: 8405, Time: 00:03:58

Health: -5/71      AC: 34    Str: 21    XL:     11   Next: 17%
Magic:  12/12      EV:  7    Int: 16    God:    Ignis [**....]
Gold:   366        SH:  0    Dex: 11    Spells: 12/12 levels left

rFire   + . .        Y - +1 war axe
rCold   . . .        (no shield)
rNeg    + . .        p - +0 plate armour
rPois   inf          (no helmet)
rElec   +            (no cloak)
rCorr   .            (no gloves)
SInv    .            h - +1 pair of boots
Will    .....        (no amulet) Stlth
                     a - +6 ring of dexterity
HPRegen 0.31/turn    b - +4 ring of protection
MPRegen 0.13/turn

%: no passive effects
@: fiery-armoured
A: sickness immunity, AC +8, negative energy resistance 1, electricity
resistance, torment resistance 1, petrification resistance, screaming 1,
MP-powered wands
a: Renounce Religion, Fiery Armour, Foxfire Swarm, Rising Flame


You were on level 1 of the Lair of Beasts.
You worshipped Ignis.
Ignis was pleased with you.
You visited 2 branches of the dungeon, and saw 9 of its levels.

You collected 447 gold pieces.
You spent 81 gold pieces at shops.


Innate Abilities, Weirdness & Mutations

You are immune to sickness and miasma.
Your stone body is resilient. (AC +8)
You are immune to poison.
You resist negative energy. (rN+)
You are resistant to electric shocks. (rElec)
You are resistant to unholy torment.
You are immune to petrification.
You occasionally shout uncontrollably at your foes.
You expend magic power (3 MP) to strengthen your wands.


   Skills:
 - Level 9.3 Fighting
 - Level 12.0 Axes
 - Level 1.0 Throwing
 + Level 7.0 Armour
 - Level 3.2 Dodging
 - Level 1.0 Spellcasting
 - Level 3.0 Fire Magic


You had 12 spell levels left.
You didn't know any spells.
Your spell library contained the following spells:

 Spells                   Type           Power      Damage    Failure   Level
 Scorch                   Fire           20%        2d5       88%         2

Inventory:

Hand Weapons
 k - a +1 hand axe of flaming
 Y - a +1 war axe (weapon)
Missiles
 j - 2 boomerangs (quivered)
Armour
 h - a +1 pair of boots (worn)
 p - a +0 plate armour (worn)
Jewellery
 a - a +6 ring of dexterity (left hand)
 b - a +4 ring of protection (right hand)
 m - a ring of fire
Scrolls
 g - a scroll of identify
Potions
 d - a potion of cancellation
 e - a potion of might
 i - 2 potions of mutation
 l - a potion of degeneration {unknown}
 o - a potion of invisibility {unknown}
 q - a potion of resistance {unknown}

Dungeon Overview and Level Annotations

Branches:
Dungeon (8/15)             Temple (0/1) D:7            Lair (1/5) D:8

Altars:
Ashenzari
Elyvilon
Fedhas
Sif Muna
Zin

Shops:
D:2 [

Annotations:
D:6 2 transporters, qw's ghost, novice GrCA


Message History

The cane toad stings you but does no damage.
You closely miss the cane toad. The cane toad stings you!
You hit the cane toad but do no damage. The cane toad closely misses you.
You hit the cane toad but do no damage.
You punch the cane toad, but do no damage.
The cane toad barely misses you.
You hit the cane toad but do no damage.
The cane toad stings you but does no damage.
The cane toad is burned by your cloak of flames.
The cane toad is lightly wounded.
You slash the cane toad!
The cane toad is moderately wounded.
The cane toad closely misses you.
You hit the cane toad.
The cane toad is moderately wounded.
The cane toad stings you.
The cane toad is burned by your cloak of flames.
The cane toad is heavily wounded.
You slash the cane toad!
The cane toad is severely wounded.
The cane toad closely misses you.
You completely miss the cane toad.
The cane toad is severely wounded.
The cane toad stings you but does no damage.
The cane toad is burned by your cloak of flames.
The cane toad is almost dead.
You barely miss the cane toad.
The cane toad is almost dead.
The cane toad stings you but does no damage.
The cane toad is burned by your cloak of flames.
The cane toad is almost dead.
You barely miss the cane toad.
The cane toad is almost dead.
The cane toad barely misses you.
You closely miss the cane toad.
The cane toad is almost dead.
The cane toad stings you!
You die...

## ####
###.##..######
#..?..........
#.............
#.............
#.............
#.....F.....$.
.
#.....@.......
..
#.............
...
#.............
...
#.........>....
...
##....(........
...
#...##########
### #... #...


You could see a cane toad.

Vanquished Creatures
  An ogre mage (D:8)
  Amaemon (D:8)
  Pikel (D:5)
  A cane toad (Lair:1)
  Joseph (D:8)
  An orange demon (D:8)
  Psyche (D:8)
  An unseen horror (D:8)
  A polar bear (Lair:1)
  A troll (D:8)
  A blink frog (Lair:1)
  Prince Ribbit (D:7)
  8 yaks (Lair:1)
  2 water moccasins
  An ice beast (D:5)
  A black bear (D:6)
  A sky beast (D:6)
  2 orc warriors (D:8)
  A centaur (D:5)
  An ogre (D:4)
  5 wolves
  A bullfrog (D:7)
  A scorpion (D:5)
  A gnoll sergeant (D:7)
  4 wights
  3 howler monkeys (D:7)
  3 electric eels (D:8)
  11 hounds
  4 orc priests
  An iguana (D:7)
  2 orc wizards
  8 gnolls
  10 adders
  2 white imps
  3 ufetubi
  A worm (D:4)
  20 orcs
  12 endoplasms
  2 giant cockroaches
  10 goblins
  5 hobgoblins
  7 jackals
  7 quokkas
  6 ball pythons
  6 bats
  4 frilled lizards
  9 kobolds
  4 rats
181 creatures vanquished.

Vanquished Creatures (others)
  An orc (D:8)
1 creature vanquished.

Grand Total: 182 creatures vanquished

Notes
Turn   | Place    | Note
-------+----------+-------------------------------------------
     0 | D:1      | qw the Gargoyle Cinder Acolyte began the quest for the Orb.
     0 | D:1      | Reached XP level 1. HP: 14/14 MP: 2/2
     0 | D:1      | 0 ||| qw: Version: 0.2-a-95-g4c1bab1
     0 | D:1      | 0 ||| qw: Game counter: 110
     0 | D:1      | 0 ||| qw: Always use a shield: true
     0 | D:1      | 0 ||| qw: God list: Okawaru
     0 | D:1      | 0 ||| qw: Allow faded altars: false
     0 | D:1      | 0 ||| qw: Do Orc after D:15 true
     0 | D:1      | 0 ||| qw: Do second Lair branch before Depths: true
     0 | D:1      | 0 ||| qw: Lair rune preference: random
     0 | D:1      | 0 ||| qw: Plans: Normal
     0 | D:1      | 0 ||| PLANNING D:1-11
   185 | D:1      | Reached skill level 3 in Axes
   247 | D:1      | Reached XP level 2. HP: 18/19 MP: 3/3
   436 | D:1      | Found a faded altar of an unknown god.
   469 | D:1      | 469 ||| Stepping ~*~*~tactically~*~*~ (stealth).
   471 | D:1      | 471 ||| Stepping ~*~*~tactically~*~*~ (stealth).
   612 | D:1      | Reached skill level 1 in Throwing
   957 | D:1      | 957 ||| UPGRADING to +0 ring mail.
   967 | D:1      | 967 ||| DROPPING +0 robe.
   968 | D:1      | 968 ||| DROPPING +6 ring of intelligence.
   969 | D:1      | 969 ||| READING scroll labelled FUNKUI CULE.
   970 | D:1      | 970 ||| READING scroll labelled PAFAQE WAYXEA.
  1023 | D:2      | 1023 ||| Stepping ~*~*~tactically~*~*~ (stealth).
  1042 | D:2      | Reached XP level 3. HP: 23/23 MP: 4/4
  1239 | D:2      | 1239 ||| INVOKING Fiery Armour.
  1244 | D:2      | Reached skill level 4 in Axes
  1244 | D:2      | Reached XP level 4. HP: 12/28 MP: 5/5
  1317 | D:2      | 1317 ||| Stepping ~*~*~tactically~*~*~ (stealth).
  1318 | D:2      | 1318 ||| Stepping ~*~*~tactically~*~*~ (stealth).
  1319 | D:2      | 1319 ||| Stepping ~*~*~tactically~*~*~ (stealth).
  1320 | D:2      | 1320 ||| Stepping ~*~*~tactically~*~*~ (stealth).
  1337 | D:2      | 1337 ||| Stepping ~*~*~tactically~*~*~ (stealth).
  1354 | D:2      | Found Boed's Antique Armour Shoppe.
  1369 | D:2      | 1369 ||| BUYING chain mail (81 gold).
  1369 | D:2      | Bought a chain mail for 81 gold pieces
  1369 | D:2      | 1369 ||| SHOPLISTING glowing ring mail (126 gold, have 18).
  1369 | D:2      | 1369 ||| SHOPLISTING helmet (81 gold, have 18).
  1369 | D:2      | 1369 ||| SHOPLISTING pair of embroidered gloves (135 gold,
                  | have 18).
  1369 | D:2      | 1369 ||| SHOPLISTING pair of gloves (81 gold, have 18).
  1369 | D:2      | 1369 ||| SHOPLISTING twisted ring mail (162 gold, have 18).
  1489 | D:2      | Reached skill level 1 in Armour
  1796 | D:2      | 1796 ||| UPGRADING to +0 scale mail.
  1806 | D:2      | 1806 ||| DROPPING +0 ring mail.
  1807 | D:2      | 1807 ||| UPGRADING to +0 chain mail.
  1817 | D:2      | 1817 ||| DROPPING +0 scale mail.
  1818 | D:2      | 1818 ||| UPGRADING to +6 ring of dexterity.
  1819 | D:2      | 1819 ||| READING scroll labelled YTTEHI DYAG.
  1820 | D:2      | 1820 ||| READING 2 scrolls labelled UWETHR UCSI.
  1821 | D:2      | 1821 ||| DROPPING scroll of amnesia.
  1966 | D:3      | Reached XP level 5. HP: 23/32 MP: 6/6
  2265 | D:3      | 2265 ||| Stepping ~*~*~tactically~*~*~ (stealth).
  2286 | D:3      | 2286 ||| Stepping ~*~*~tactically~*~*~ (stealth).
  2289 | D:3      | 2289 ||| Stepping ~*~*~tactically~*~*~ (stealth).
  2307 | D:3      | 2307 ||| Stepping ~*~*~tactically~*~*~ (stealth).
  2309 | D:3      | Found a broken altar of Ashenzari.
  2777 | D:3      | 2777 ||| READING scroll labelled EPHANT UHELUSMUQ.
  2778 | D:3      | 2778 ||| READING scroll labelled TISHUA BYITU.
  2779 | D:3      | 2779 ||| READING scroll labelled NUOFRU QONE.
  2780 | D:3      | 2780 ||| READING scroll labelled KAEPEP LACVU.
  2781 | D:3      | 2781 ||| READING scroll labelled HAKUM TORUI.
  2785 | D:3      | 2785 ||| DRINKING 2 sedimented grey potions.
  2890 | D:3      | 2890 ||| DRINKING 2 pink potions.
  2890 | D:3      | Gained mutation: You expend magic power (3 MP) to
                  | strengthen your wands. [potion of mutation]
  2890 | D:3      | Gained mutation: You occasionally shout uncontrollably at
                  | your foes. [potion of mutation]
  2891 | D:3      | 2891 ||| DRINKING 2 purple potions.
  2892 | D:3      | 2892 ||| DROPPING potion of berserk rage.
  2893 | D:3      | 2893 ||| DROPPING potion of attraction.
  3082 | D:4      | Found a blossoming altar of Fedhas.
  3082 | D:4      | Noticed an ogre
  3083 | D:4      | 3083 ||| Stepping ~*~*~tactically~*~*~ (stealth).
  3084 | D:4      | 3084 ||| Stepping ~*~*~tactically~*~*~ (stealth).
  3092 | D:4      | HP: 7/32 [ogre/+0 giant spiked club (25)]
  3093 | D:4      | 3093 ||| INVOKING Fiery Armour.
  3096 | D:4      | Killed an ogre
  3097 | D:4      | Reached skill level 5 in Axes
  3097 | D:4      | Reached XP level 6. HP: 7/37 MP: 7/7
  3098 | D:4      | 3098 ||| Stepping ~*~*~tactically~*~*~ (hiding).
  3100 | D:4      | 3100 ||| Stepping ~*~*~tactically~*~*~ (hiding).
  3222 | D:4      | 3222 ||| Stepping ~*~*~tactically~*~*~ (hiding).
  3223 | D:4      | 3223 ||| Stepping ~*~*~tactically~*~*~ (hiding).
  3273 | D:4      | 3273 ||| Stepping ~*~*~tactically~*~*~ (stealth).
  3275 | D:4      | 3275 ||| Stepping ~*~*~tactically~*~*~ (hiding).
  3395 | D:4      | 3395 ||| READING scroll of enchant weapon.
  3395 | D:4      | 3395 ||| ENCHANTING +0 hand axe of flaming.
  3397 | D:4      | 3397 ||| Stepping ~*~*~tactically~*~*~ (hiding).
  3582 | D:4      | Found a white marble altar of Elyvilon.
  3989 | D:4      | 3989 ||| UPGRADING to +0 pair of boots.
  3994 | D:4      | 3994 ||| UPGRADING to +4 ring of protection.
  3995 | D:4      | 3995 ||| READING scroll labelled KEKHI QADOTUQI.
  3996 | D:4      | 3996 ||| DRINKING 2 fuming pink potions.
  4042 | D:4      | 4042 ||| DROPPING potion of lignification.
  4057 | D:5      | Entered Level 5 of the Dungeon
  4057 | D:5      | Found a shimmering blue altar of Sif Muna.
  4162 | D:5      | Reached skill level 1 in Dodging
  4185 | D:5      | Reached XP level 7. HP: 41/43 MP: 8/8
  4525 | D:5      | Reached skill level 6 in Axes
  4609 | D:5      | Reached skill level 3 in Armour
  4684 | D:5      | Noticed Pikel
  4706 | D:5      | Killed Pikel
  4707 | D:5      | Reached skill level 7 in Axes
  4707 | D:5      | Reached XP level 8. HP: 45/48 MP: 9/9
  5052 | D:5      | 5052 ||| DRINKING 2 clear potions.
  5053 | D:5      | 5053 ||| DRINKING 2 metallic grey potions.
  5054 | D:5      | 5054 ||| READING 3 scrolls of identify.
  5054 | D:5      | 5054 ||| IDENTIFYING yellow potion
  5055 | D:5      | 5055 ||| READING 2 scrolls of identify.
  5055 | D:5      | 5055 ||| IDENTIFYING inky potion
  5056 | D:5      | 5056 ||| DROPPING potion of flight.
  5057 | D:5      | 5057 ||| DROPPING potion of magic.
  5090 | D:6      | 5090 ||| Stepping ~*~*~tactically~*~*~ (hiding).
  5113 | D:6      | Noticed a yak
  5114 | D:6      | 5114 ||| SWAPPING to +0 war axe.
  5115 | D:6      | Noticed qw's ghost (novice GrCA)
  5175 | D:6      | 5175 ||| Stepping ~*~*~tactically~*~*~ (stealth).
  5258 | D:6      | Found a transporter.
  5279 | D:6      | Found a transporter.
  5425 | D:6      | 5425 ||| Stepping ~*~*~tactically~*~*~ (stealth).
  5445 | D:6      | Reached skill level 8 in Axes
  5497 | D:6      | 5497 ||| Stepping ~*~*~tactically~*~*~ (hiding).
  5501 | D:6      | 5501 ||| INVOKING Fiery Armour.
  5536 | D:6      | 5536 ||| READING scroll of enchant armour.
  5536 | D:6      | 5536 ||| ENCHANTING +0 pair of boots.
  5620 | D:6      | 5620 ||| READING scroll labelled JISSAE BUTO.
  5621 | D:6      | 5621 ||| READING scroll labelled SEORGHI UPEW.
  5646 | D:7      | 5646 ||| STAIRDANCE
  5654 | D:6      | Reached skill level 6 in Fighting
  5809 | D:7      | 5809 ||| READING scroll of enchant weapon.
  5809 | D:7      | 5809 ||| ENCHANTING +0 war axe.
  5996 | D:7      | 5996 ||| Stepping ~*~*~tactically~*~*~ (stealth).
  6028 | D:7      | 6028 ||| INVOKING Fiery Armour.
  6157 | D:7      | Noticed Prince Ribbit
  6165 | D:7      | Killed Prince Ribbit
  6166 | D:7      | Reached XP level 9. HP: 55/55 MP: 10/10
  6257 | D:7      | Reached skill level 9 in Axes
  6350 | D:7      | Found a staircase to the Ecumenical Temple.
  6525 | D:7      | 6525 ||| READING 2 scrolls of identify.
  6525 | D:7      | 6525 ||| IDENTIFYING glowing silvery potion
  6581 | D:8      | 6581 ||| STAIRDANCE
  6590 | D:7      | 6590 ||| INVOKING Fiery Armour.
  6725 | D:8      | Noticed an ogre mage
  6727 | D:8      | 6727 ||| Stepping randomly (disturbance).
  6728 | D:8      | 6728 ||| Stepping randomly (disturbance).
  6729 | D:8      | 6729 ||| Stepping randomly (disturbance).
  6744 | D:8      | Killed an ogre mage
  6745 | D:8      | Reached skill level 10 in Axes
  6858 | D:8      | 6858 ||| Stepping ~*~*~tactically~*~*~ (stealth).
  6860 | D:8      | 6860 ||| Stepping ~*~*~tactically~*~*~ (stealth).
  6889 | D:8      | 6889 ||| Stepping ~*~*~tactically~*~*~ (stealth).
  6914 | D:8      | 6914 ||| Stepping ~*~*~tactically~*~*~ (stealth).
  6919 | D:8      | 6919 ||| Stepping ~*~*~tactically~*~*~ (hiding).
  6920 | D:8      | 6920 ||| Stepping ~*~*~tactically~*~*~ (hiding).
  6965 | D:8      | Noticed Psyche
  6978 | D:8      | Paralysed by something for 4 turns
  6983 | D:8      | 6983 ||| INVOKING Fiery Armour.
  6987 | D:8      | Killed Psyche
  6988 | D:8      | Reached skill level 3 in Dodging
  6990 | D:8      | Reached XP level 10. HP: 27/63 MP: 11/11
  7012 | D:8      | Noticed Amaemon
  7026 | D:8      | Killed Amaemon
  7028 | D:8      | Noticed an orange demon
  7035 | D:8      | Killed an orange demon
  7036 | D:8      | 7036 ||| Stepping ~*~*~tactically~*~*~ (stealth).
  7042 | D:8      | Found a staircase to the Lair.
  7109 | D:8      | 7109 ||| INVOKING Fiery Armour.
  7114 | D:8      | Reached skill level 11 in Axes
  7116 | D:8      | 7116 ||| DRINKING potion of curing.
  7116 | D:8      | 7116 ||| (to cure confusion)
  7549 | D:8      | Found a glowing silver altar of Zin.
  7802 | D:8      | Killed an unseen horror
  7930 | D:8      | Noticed Joseph
  7945 | D:8      | Killed Joseph
  7946 | D:8      | Reached skill level 9 in Fighting
  8031 | D:8      | 8031 ||| PLANNING LAIR
  8031 | D:8      | 8031 ||| UPGRADING to +0 plate armour.
  8041 | D:8      | 8041 ||| DROPPING +0 chain mail.
  8042 | D:8      | 8042 ||| READING scroll labelled DAFEL GILA.
  8143 | D:8      | 8143 ||| READING 2 scrolls of identify.
  8143 | D:8      | 8143 ||| IDENTIFYING metallic blue potion
  8167 | Lair:1   | Entered Level 1 of the Lair of Beasts
  8188 | Lair:1   | 8188 ||| INVOKING Fiery Armour.
  8199 | Lair:1   | Reached skill level 6 in Armour
  8212 | Lair:1   | Reached XP level 11. HP: 45/71 MP: 12/12
  8389 | Lair:1   | 8389 ||| INVOKING Fiery Armour.
  8389 | Lair:1   | HP: 14/71 [yak (4)]
  8390 | Lair:1   | 8390 ||| READING scroll of teleportation.
  8390 | Lair:1   | HP: 2/71 [yak (6)]
  8391 | Lair:1   | 8391 ||| DRINKING potion of heal wounds.
  8393 | Lair:1   | Reached skill level 12 in Axes
  8395 | Lair:1   | HP: 4/71 [cane toad (9)]
  8400 | Lair:1   | HP: 2/71 [cane toad (3)]
  8405 | Lair:1   | Slain by a cane toad

Levels and vault maps discovered:
D:1:      scummos_arrival_gate, layout_loops_corners,
          shapermc_ecumenical_altar_mp_highgroup
D:2:      layout_loops_cross, serial_shops, shop, corexii_hall_statues_l
D:3:      layout_loops_corners, lemuel_tele_altar
D:4:      layout_basic, fedhas_altar_1, nicolae_elyvilon_temple_path,
          serial_corexii_hall, chequers_hall_statues_corner_a,
          corexii_hall_statues_x, minmay_surrounded
D:5:      layout_loops_corners, overflow_temple_1_default, uniq_pikel
D:6:      layout_basic, gammafunk_ghost_arena
D:7:      layout_loops_corners, temple_hall_moat, uniq_prince_ribbit1
D:8:      layout_rooms, mainiacjoe_overflow_paths, erik_lair_island,
          minmay_three_doors, uniq_amaemon, uniq_joseph, uniq_psyche
Lair:1:   layout_long_grid, small_statue_intersection, serial_bayou_shore_a,
          infiniplex_staircase_pool_2, grunt_megastairs_2

Skill      XL: |  1  2  3  4  5  6  7  8  9 10 11 |
---------------+----------------------------------+-----
Axes           | 3 4 5 7 8 10 11 12 | 12.0
Throwing       | 1 |  1.0
Armour         | 2 3 4 5 7 |  7.0
Fighting       | 4 6 7 9 |  9.3
Dodging        | 1 3 |  3.2
Spellcasting   | |  1.0
Fire Magic     | |  3.0

Action                     |  1- 3 |  4- 6 |  7- 9 | 10-12 || total
---------------------------+-------+-------+-------+-------++-------
  Melee: Hand axe          |    72 |   209 |    61 |       ||   342
         Punch             |       |     1 |     4 |     2 ||     7
         War axe           |       |       |   157 |   149 ||   306
         Unarmed           |       |       |     3 |    10 ||    13
  Throw: Javelin           |    19 |    22 |       |       ||    41
         Boomerang         |       |       |    33 |    26 ||    59
 Invoke: Fiery Armour      |     1 |     1 |     4 |     3 ||     9
    Use: Scroll            |     2 |     9 |     7 |     3 ||    21
         Potion            |       |     4 |     2 |     2 ||     8
   Stab: Confused          |       |       |       |     1 ||     1
 Armour: Robe              |    13 |       |       |       ||    13
         Ring mail         |    14 |    12 |       |       ||    26
         Chain mail        |       |   122 |   138 |    87 ||   347
         Skin              |       |       |     3 |     5 ||     8
         Plate armour      |       |       |       |    79 ||    79
  Dodge: Dodged            |    31 |    91 |    76 |    58 ||   256

Table legend:
 A = Non-vault XP
 B = Vault XP
 C = Vault XP percentage of total XP
 D = Non-vault monster count
 E = Vault monster count
 F = Vault count percentage of total count
                 A         B        C        D         E       F
            +---------+---------+-------+---------+---------+-------
      Total |    6042 |    4767 |  44.1 |     158 |      23 |  12.7
            +---------+---------+-------+---------+---------+-------
        D:1 |      31 |       0 |   0.0 |      18 |       0 |   0.0
        D:2 |     110 |       0 |   0.0 |      20 |       0 |   0.0
        D:3 |      89 |       0 |   0.0 |      23 |       0 |   0.0
        D:4 |     217 |      15 |   6.5 |      21 |       5 |  19.2
        D:5 |     474 |     629 |  57.0 |      12 |       1 |   7.7
        D:6 |     581 |       0 |   0.0 |      18 |       0 |   0.0
        D:7 |     667 |     255 |  27.7 |      15 |       1 |   6.2
        D:8 |     624 |    3868 |  86.1 |      15 |      16 |  51.6
     Lair:1 |    3249 |       0 |   0.0 |      16 |       0 |   0.0
            +---------+---------+-------+---------+---------+-------
